[Event "ICC tourney 2552 (3 2)"]
[Site "Internet Chess Club"]
[Date "2021.05.07"]
[Round "1"]
[White "DESAI, DHRITEE:K06-16336152"]
[Black "MENG, FANRONG:K03-17099646"]
[Result "0-1"]
[ICCResult "White checkmated"]
[WhiteElo "1400"]
[BlackElo "1400"]
[Opening "French: Burn variation"]
[ECO "C11"]
[NIC "FR.05"]
[Time "18:03:20"]
[PlyCount "36"]
[TimeControl "180+2"]

1. e4 e6 2. d4 d5 3. Nc3 Nf6 4. Bg5 dxe4 5. Nxe4 Be7 6. Nxf6+ Bxf6 7. Bxf6
Qxf6 8. Nf3 O-O 9. Bc4 Bd7 10. O-O Bc6 11. Qd3 Nd7 12. Rae1 Nb6 13. Bb3 Nd5
14. Re5 Nf4 15. Qd2 Nxg2 16. Kh1 Qxf3 17. Rg5 Ne3+ 18. Kg1 Qh1# { White
checkmated } 0-1

[Event "ICC tourney 2552 (3 2)"]
[Site "Internet Chess Club"]
[Date "2021.05.07"]
[Round "1"]
[White "KRISHNAN, ANISH:K03-16596617"]
[Black "MICHAEL KAGAN, BENYAMIN:K05-30083267"]
[Result "1-0"]
[ICCResult "Black checkmated"]
[WhiteElo "1400"]
[BlackElo "1400"]
[Opening "Queen's pawn, Mason variation"]
[ECO "D00"]
[NIC "QP.08"]
[Time "18:04:00"]
[PlyCount "39"]
[TimeControl "180+2"]

1. d4 d5 2. Bf4 Nh6 3. e3 e6 4. Nf3 Bd6 5. Bxh6 Bf4 6. Bxf4 Nc6 7. c3 O-O
8. Bd3 f6 9. Qc2 f5 10. Nbd2 b6 11. Ne5 Nxe5 12. Bxe5 Bb7 13. h4 Qc8 14. g4
Ba6 15. gxf5 Bxd3 16. Qxd3 exf5 17. Rg1 a5 18. Rxg7+ Kh8 19. Rg1+ Rf6 20.
Bxf6# { Black checkmated } 1-0

[Event "ICC tourney 2552 (3 2)"]
[Site "Internet Chess Club"]
[Date "2021.05.07"]
[Round "1"]
[White "KUMAR, ANIRUDH:K05-30045956"]
[Black "LIU, NOAH:K01-30169741"]
[Result "1-0"]
[ICCResult "Black checkmated"]
[WhiteElo "1400"]
[BlackElo "1400"]
[Opening "Giuoco Pianissimo: Italian four knights variation"]
[ECO "C50"]
[NIC "IG.02"]
[Time "18:02:48"]
[PlyCount "87"]
[TimeControl "180+2"]

1. e4 e5 2. Nf3 Nc6 3. Bc4 Bc5 4. Nc3 Nf6 5. d3 d6 6. h3 b6 7. Bg5 a6 8.
Nd5 h6 9. Nxf6+ gxf6 10. Be3 Rg8 11. Rg1 b5 12. Bb3 a5 13. a3 a4 14. Bd5
Bd7 15. Bxc5 dxc5 16. Qd2 Ne7 17. Bxa8 b4 18. Bd5 bxa3 19. Rxa3 c6 20. Bc4
Rf8 21. Qxh6 Rg8 22. Qxf6 Nd5 23. Qxd8+ Kxd8 24. Bxd5 cxd5 25. exd5 Ke8 26.
Nxe5 Bc8 27. Nf3 Bb7 28. c4 Bxd5 29. cxd5 Rg6 30. Rxa4 Rg8 31. Ra8+ Ke7 32.
Rxg8 Kf6 33. d6 Ke6 34. Rg7 Kxd6 35. Rxf7 Kd5 36. Rf5+ Kd6 37. Kd2 Kd7 38.
Re1 Kc6 39. Re6+ Kc7 40. Rxc5+ Kd8 41. Ra6 Ke8 42. Ra7 Kd8 43. Rh5 Kc8 44.
Rh8# { Black checkmated } 1-0

[Event "ICC tourney 2552 (3 2)"]
[Site "Internet Chess Club"]
[Date "2021.05.07"]
[Round "1"]
[White "BADAM, GAUTHAM:K01-30070352"]
[Black "KUO, DECLAN:K05-16624125"]
[Result "0-1"]
[ICCResult "White checkmated"]
[WhiteElo "1400"]
[BlackElo "1400"]
[Opening "Giuoco Piano: four knights variation"]
[ECO "C47"]
[NIC "KP.06"]
[Time "18:03:04"]
[PlyCount "34"]
[TimeControl "180+2"]

1. e4 e5 2. Nf3 Nc6 3. Nc3 Nf6 4. Bc4 Bc5 5. Ng5 O-O 6. Na4 Bd6 7. O-O Be7
8. b3 d6 9. d3 Ng4 10. c3 Bxg5 11. Bxg5 Qxg5 12. g3 Nf6 13. h4 Qg4 14. Qb1
Qh3 15. Re1 Ng4 16. d4 Qh2+ 17. Kf1 Qxf2# { White checkmated } 0-1

[Event "ICC tourney 2552 (3 2)"]
[Site "Internet Chess Club"]
[Date "2021.05.07"]
[Round "1"]
[White "STANLEY, GRANT:K01-17272740"]
[Black "CHEN, LUCAS:K03-30165108"]
[Result "0-1"]
[ICCResult "White resigns"]
[WhiteElo "1071"]
[BlackElo "1400"]
[Opening "Scandinavian (center counter) defense"]
[ECO "B01"]
[NIC "SD.02"]
[Time "18:02:15"]
[PlyCount "52"]
[TimeControl "180+2"]

1. e4 d5 2. exd5 Qxd5 3. Nc3 Qd8 4. Nf3 e5 5. Nxe5 f6 6. Nf3 Ne7 7. Bb5+
Bd7 8. d3 Bxb5 9. Nxb5 g5 10. c4 g4 11. Nfd4 a6 12. Nc3 b5 13. cxb5 axb5
14. Ncxb5 c6 15. Na3 Qxd4 16. Be3 Qxb2 17. Nc4 Qb7 18. Rb1 Qd7 19. Nb6 Qc7
20. Nd5 Qd6 21. Qb3 Kd8 22. g3 cxd5 23. Bf4 Qd7 24. Rc1 Na6 25. Qc3 d4 26.
Rb1 dxc3 { White resigns } 0-1

[Event "ICC tourney 2552 (3 2)"]
[Site "Internet Chess Club"]
[Date "2021.05.07"]
[Round "1"]
[White "PATEL, DEV:K06-17318946"]
[Black "SZEPOK CHUNG, RONNIE:K03-17296250"]
[Result "0-1"]
[ICCResult "White checkmated"]
[WhiteElo "1400"]
[BlackElo "1400"]
[Opening "Giuoco Piano: four knights variation"]
[ECO "C46"]
[NIC "KP.06"]
[Time "18:03:29"]
[PlyCount "34"]
[TimeControl "180+2"]

1. e4 e5 2. Nf3 Nc6 3. Nc3 Bc5 4. Bc4 Nf6 5. Ng5 O-O 6. O-O h6 7. Nf3 d6 8.
Qe2 Bg4 9. d3 Nd4 10. Qd1 Nxf3+ 11. gxf3 Bh3 12. Re1 Nh5 13. f4 Qh4 14. Qe2
exf4 15. Bd5 Ng3 16. hxg3 Qxg3+ 17. Kh1 Qg2# { White checkmated } 0-1

[Event "ICC tourney 2552 (3 2)"]
[Site "Internet Chess Club"]
[Date "2021.05.07"]
[Round "1"]
[White "SUVOROV, ZACHARY:K06-30101116"]
[Black "JAIN, ARUSH:K03-30022873"]
[Result "1-0"]
[ICCResult "Black checkmated"]
[WhiteElo "1400"]
[BlackElo "1400"]
[Opening "King's pawn game"]
[ECO "C50"]
[NIC "IG.03"]
[Time "18:03:38"]
[PlyCount "31"]
[TimeControl "180+2"]

1. e4 e5 2. Nf3 Nc6 3. Bc4 d6 4. d3 Bg4 5. O-O Be7 6. h3 Bxf3 7. Qxf3 Nf6
8. b3 O-O 9. Nc3 g5 10. Bxg5 Nd4 11. Qg3 Nxe4 12. Bxe7+ Kh8 13. Bxd8 Nxc3
14. Qg5 Ne6 15. Bf6+ Ng7 16. Qxg7# { Black checkmated } 1-0

[Event "ICC tourney 2552 (3 2)"]
[Site "Internet Chess Club"]
[Date "2021.05.07"]
[Round "1"]
[White "BASU ACHARYA, VEDANT:K01-30028824"]
[Black "WANG, YOURAN:K05-16488667"]
[Result "0-1"]
[ICCResult "White checkmated"]
[WhiteElo "1400"]
[BlackElo "1400"]
[Opening "Sicilian"]
[ECO "B56"]
[NIC "SI.25"]
[Time "18:02:20"]
[PlyCount "86"]
[TimeControl "180+2"]

1. e4 c5 2. Nf3 d6 3. d4 cxd4 4. Nxd4 Nf6 5. Nc3 Nc6 6. Nxc6 bxc6 7. Bg5 e5
8. Bd3 Be7 9. O-O Be6 10. Qf3 O-O 11. Bxf6 Bxf6 12. Qh5 g6 13. Qh6 Bg7 14.
Qe3 d5 15. exd5 cxd5 16. Ne2 e4 17. Bb5 Qb6 18. Qxb6 axb6 19. Bc6 Rac8 20.
Bb7 Rxc2 21. Nd4 Bxd4 22. Rac1 Rxc1 23. Rxc1 Bxb2 24. Rc6 b5 25. Rb6 Bg7
26. Rxb5 Rb8 27. Bc6 Rxb5 28. Bxb5 d4 29. Kf1 d3 30. Ke1 Bc3+ 31. Kd1 Bg4+
32. Kc1 d2+ 33. Kc2 d1=Q+ 34. Kxc3 Qc1+ 35. Kd4 Qb2+ 36. Kc5 Qxf2+ 37. Kc4
e3 38. Kb4 e2 39. Kc4 e1=Q 40. Ba4 Qe6+ 41. Kd3 Qfe3+ 42. Kc2 Qc4+ 43. Kb1
Qec1# { White checkmated } 0-1

[Event "ICC tourney 2552 (3 2)"]
[Site "Internet Chess Club"]
[Date "2021.05.07"]
[Round "1"]
[White "JAIN, ARIJ:K03-30074347"]
[Black "VEMULA, MANVITH:K01-30172472"]
[Result "0-1"]
[ICCResult "White checkmated"]
[WhiteElo "1400"]
[BlackElo "1269"]
[Opening "French defense"]
[ECO "C00"]
[NIC "FR.01"]
[Time "18:03:41"]
[PlyCount "24"]
[TimeControl "180+2"]

1. e4 e6 2. Nf3 Nc6 3. Nc3 e5 4. Bc4 Nf6 5. d3 Bc5 6. Bg5 O-O 7. Bxf6 Qxf6
8. O-O Qg6 9. h3 d5 10. exd5 Bxh3 11. g3 Qxg3+ 12. Kh1 Qg2# { White
checkmated } 0-1

[Event "ICC tourney 2552 (3 2)"]
[Site "Internet Chess Club"]
[Date "2021.05.07"]
[Round "1"]
[White "KRISHNAN, MIHIKA:K05-16596204"]
[Black "HOLBROOK, WILLIAM:K01-30066196"]
[Result "1-0"]
[ICCResult "Black forfeits on time"]
[WhiteElo "1400"]
[BlackElo "1400"]
[Opening "Réti opening"]
[ECO "A04"]
[NIC "QP.11"]
[Time "18:02:48"]
[PlyCount "31"]
[TimeControl "180+2"]

1. Nf3 e6 2. d4 d5 3. c4 c6 4. e3 Bd6 5. Bd3 Ne7 6. O-O Nd7 7. Nc3 Qc7 8.
b3 b6 9. Re1 Ba6 10. c5 Bxd3 11. cxd6 Qxd6 12. Qxd3 O-O 13. a4 Nf5 14. Ba3
Qc7 15. Bxf8 Rxf8 16. e4 { Black forfeits on time } 1-0

[Event "ICC tourney 2552 (3 2)"]
[Site "Internet Chess Club"]
[Date "2021.05.07"]
[Round "1"]
[White "WOO, ALEXANDER:K05-17096034"]
[Black "AGARWAL, SAATVIK:K01-30138317"]
[Result "1-0"]
[ICCResult "Black forfeits on time"]
[WhiteElo "1400"]
[BlackElo "1400"]
[Opening "Four knights: Italian variation"]
[ECO "C47"]
[NIC "KP.06"]
[Time "18:02:30"]
[PlyCount "41"]
[TimeControl "180+2"]

1. e4 e5 2. Nf3 Nc6 3. Nc3 Nf6 4. Bc4 d6 5. h3 a6 6. O-O b5 7. Bd5 Nxd5 8.
exd5 Nb4 9. a3 Nxc2 10. Qxc2 Be7 11. Re1 O-O 12. d4 exd4 13. Nxd4 Bb7 14.
Qe4 Re8 15. Qf3 Bf6 16. Rxe8+ Qxe8 17. Nc6 Qe1+ 18. Kh2 Be5+ 19. Nxe5 Qxe5+
20. Bf4 Qf5 21. Re1 { Black forfeits on time } 1-0

[Event "ICC tourney 2552 (3 2)"]
[Site "Internet Chess Club"]
[Date "2021.05.07"]
[Round "1"]
[White "SELVAM, RIKITHA:K01-30089086"]
[Black "BANG, ADITYA:K05-16841804"]
[Result "0-1"]
[ICCResult "White forfeits on time"]
[WhiteElo "1400"]
[BlackElo "1400"]
[Opening "French defense"]
[ECO "C00"]
[NIC "FR.01"]
[Time "18:03:41"]
[PlyCount "24"]
[TimeControl "180+2"]

1. e4 e6 2. Nf3 d5 3. exd5 exd5 4. Bd3 Be7 5. O-O Nf6 6. h3 O-O 7. Re1 Nc6
8. a3 Bd6 9. Nc3 a6 10. Be2 g6 11. d3 d4 12. Nb1 Re8 { White forfeits on
time } 0-1

[Event "ICC tourney 2552 (3 2)"]
[Site "Internet Chess Club"]
[Date "2021.05.07"]
[Round "1"]
[White "HUANG, VICTORIA:K03-30165098"]
[Black "GUPTA, VIHAAN:K01-30156581"]
[Result "0-1"]
[ICCResult "White forfeits on time"]
[WhiteElo "1400"]
[BlackElo "1084"]
[Opening "Philidor: exchange variation"]
[ECO "C41"]
[NIC "KP.08"]
[Time "18:02:14"]
[PlyCount "54"]
[TimeControl "180+2"]

1. e4 e5 2. Nf3 d6 3. d4 exd4 4. Nxd4 Nc6 5. Nf3 Bg4 6. Bd3 Nd4 7. Nxd4
Bxd1 8. O-O c5 9. Rxd1 cxd4 10. Bf4 Qc7 11. Nc3 dxc3 12. bxc3 Qxc3 13. Rab1
b6 14. e5 dxe5 15. Bxe5 Qxe5 16. Rb3 Nf6 17. Rdb1 Bc5 18. Rb5 Qf4 19. Rxc5
bxc5 20. Rb5 Qc1+ 21. Bf1 Rc8 22. Rxc5 Rxc5 23. a3 Re5 24. a4 Re1 25. h3
Rxf1+ 26. Kh2 Rh1+ 27. Kg3 Ne4+ { White forfeits on time } 0-1

[Event "ICC tourney 2552 (3 2)"]
[Site "Internet Chess Club"]
[Date "2021.05.07"]
[Round "1"]
[White "KIRILOV SAKALIYSKI, CHRISTOPHER:K05-16115040"]
[Black "STAMOS, BEAU:K03-16797340"]
[Result "1-0"]
[ICCResult "Black checkmated"]
[WhiteElo "1400"]
[BlackElo "1454"]
[Opening "English opening"]
[ECO "A10"]
[NIC "EO.64"]
[Time "18:03:19"]
[PlyCount "49"]
[TimeControl "180+2"]

1. c4 d5 2. g3 e5 3. Bg2 Nf6 4. d3 c6 5. cxd5 cxd5 6. d4 Bd6 7. Nc3 Qa5 8.
Bg5 h6 9. Bxf6 gxf6 10. e3 Bb4 11. Ne2 Bd7 12. O-O Bb5 13. Nxb5 Qxb5 14.
Nc3 Bxc3 15. bxc3 Nc6 16. Rb1 Qa6 17. Bxd5 Ne7 18. Bxb7 Qxa2 19. Bxa8 Kd7
20. Bg2 Nc6 21. dxe5+ Kc7 22. Qd6+ Kc8 23. Qxc6+ Kd8 24. Rb8+ Ke7 25. exf6#
{ Black checkmated } 1-0

[Event "ICC tourney 2552 (3 2)"]
[Site "Internet Chess Club"]
[Date "2021.05.07"]
[Round "1"]
[White "CRAIG, ALEX:K03-17029195"]
[Black "SINGH CHANDI, ISHNOOR:K06-16106643"]
[Result "0-1"]
[ICCResult "White forfeits on time"]
[WhiteElo "1400"]
[BlackElo "1400"]
[Opening "French defense"]
[ECO "C00"]
[NIC "FR.01"]
[Time "18:03:00"]
[PlyCount "32"]
[TimeControl "180+2"]

1. e4 e6 2. Bc4 d5 3. exd5 exd5 4. Bb5+ c6 5. Bd3 Nf6 6. Nf3 Bd6 7. O-O O-O
8. Ng5 Bg4 9. f3 Bh5 10. Nc3 h6 11. Bh7+ Nxh7 12. Nxh7 Kxh7 13. d4 Nd7 14.
g4 Bg6 15. Ne2 Qh4 16. Nf4 Nf6 { White forfeits on time } 0-1

[Event "ICC tourney 2552 (3 2)"]
[Site "Internet Chess Club"]
[Date "2021.05.07"]
[Round "1"]
[White "GILL, NEEV:K05-30079117"]
[Black "SEBASTIAN VETTICAL, AIDEN:K03-16490590"]
[Result "1-0"]
[ICCResult "Black checkmated"]
[WhiteElo "1400"]
[BlackElo "1400"]
[Opening "Alekhine's defense: Scandinavian variation"]
[ECO "B01"]
[NIC "VO.17"]
[Time "18:03:20"]
[PlyCount "41"]
[TimeControl "180+2"]

1. e4 d5 2. Nc3 Nf6 3. Nf3 dxe4 4. Ng5 e6 5. Ngxe4 Bd6 6. Nxd6+ Qxd6 7. Bd3
Qd8 8. O-O Bd7 9. Qf3 O-O 10. Qxb7 Nc6 11. Nb5 Na5 12. Qa6 Nc6 13. Re1 Nb4
14. Qa4 Qb8 15. Qxb4 c6 16. a4 Nd5 17. Qc4 a6 18. Nd6 Qxd6 19. b3 Nb6 20.
Qe4 e5 21. Qxh7# { Black checkmated } 1-0

[Event "ICC tourney 2552 (3 2)"]
[Site "Internet Chess Club"]
[Date "2021.05.07"]
[Round "1"]
[White "CHEN, ANDY:K01-30080996"]
[Black "ZIZOLD, VICTORIA:K05-16744153"]
[Result "1-0"]
[ICCResult "Black forfeits on time"]
[WhiteElo "1400"]
[BlackElo "1400"]
[Opening "Four knights: Italian variation"]
[ECO "C47"]
[NIC "VG.04"]
[Time "18:03:00"]
[PlyCount "41"]
[TimeControl "180+2"]

1. e4 e5 2. Nc3 Nf6 3. Nf3 Nc6 4. Bc4 b5 5. Bxb5 d5 6. Bxc6+ Bd7 7. Bxa8
Qxa8 8. Nxe5 Be6 9. exd5 Bf5 10. O-O Bc5 11. Re1 O-O 12. d4 h6 13. dxc5 a5
14. d6 cxd6 15. cxd6 a4 16. Bf4 g5 17. Bg3 h5 18. h3 h4 19. Bh2 Nh5 20.
Qxh5 f6 21. Ng6 { Black forfeits on time } 1-0

[Event "ICC tourney 2552 (3 2)"]
[Site "Internet Chess Club"]
[Date "2021.05.07"]
[Round "1"]
[White "RAHUL PAREKH, KANAK:K03-16747551"]
[Black "ALBERT, HELEN:K05-30150616"]
[Result "1-0"]
[ICCResult "Black forfeits on time"]
[WhiteElo "1400"]
[BlackElo "1400"]
[Opening "Two knights defense"]
[ECO "C57"]
[NIC "KP.01"]
[Time "18:02:37"]
[PlyCount "33"]
[TimeControl "180+2"]

1. e4 e5 2. Nf3 Nc6 3. Bc4 Nf6 4. Ng5 d5 5. exd5 Nxd5 6. d3 f6 7. Ne4 Bf5
8. Nbc3 Nxc3 9. Nxc3 Bc5 10. O-O Qd4 11. Be3 Qd6 12. Nb5 Qe7 13. Bxc5 Qxc5
14. Nxc7+ Kd8 15. Nxa8 Kc8 16. Qf3 Nd4 17. Qd5 { Black forfeits on time }
1-0

[Event "ICC tourney 2552 (3 2)"]
[Site "Internet Chess Club"]
[Date "2021.05.07"]
[Round "1"]
[White "S JANIS, MAXTON:K05-30158505"]
[Black "LIU, BOWEN:K03-30158629"]
[Result "1-0"]
[ICCResult "Black forfeits on time"]
[WhiteElo "1147"]
[BlackElo "1400"]
[Opening "Sicilian defense"]
[ECO "B20"]
[NIC "SI.48"]
[Time "18:02:55"]
[PlyCount "39"]
[TimeControl "180+2"]

1. e4 c5 2. Bc4 d6 3. Nf3 Nf6 4. e5 dxe5 5. Nxe5 Be6 6. Bxe6 fxe6 7. Nc3
Nbd7 8. Nxd7 Qxd7 9. d3 e5 10. O-O O-O-O 11. Bg5 h6 12. Bxf6 exf6 13. f4
Bd6 14. fxe5 Bxe5 15. Ne2 Bxb2 16. Rb1 Be5 17. c3 Rhe8 18. d4 cxd4 19. cxd4
Bxd4+ 20. Nxd4 { Black forfeits on time } 1-0

[Event "ICC tourney 2552 (3 2)"]
[Site "Internet Chess Club"]
[Date "2021.05.07"]
[Round "1"]
[White "MANSUROV, YUSUF:K03-17110457"]
[Black "ZHANG, RYAN:K06-16485982"]
[Result "1-0"]
[ICCResult "Black checkmated"]
[WhiteElo "1400"]
[BlackElo "1400"]
[Opening "Scotch game"]
[ECO "C45"]
[NIC "SO.05"]
[Time "18:02:23"]
[PlyCount "79"]
[TimeControl "180+2"]

1. e4 e5 2. Nf3 Nc6 3. d4 exd4 4. Nxd4 Bc5 5. Be3 Qf6 6. c3 Nge7 7. Bc4 O-O
8. O-O d6 9. Nxc6 Nxc6 10. Bxc5 dxc5 11. f4 Re8 12. e5 Qf5 13. Nd2 Be6 14.
Qe2 Rad8 15. Bxe6 Qxe6 16. Nf3 f6 17. Rae1 Rd7 18. b3 b6 19. h3 Rde7 20.
Qd3 Rd8 21. Qe4 Rde8 22. f5 Qd7 23. e6 Qd6 24. Rd1 Qg3 25. Qxc6 g6 26. Rd7
gxf5 27. Rxe7 Rxe7 28. Qa8+ Kg7 29. Qd8 Qd6 30. Qxd6 cxd6 31. Re1 Rc7 32.
Nh4 Kf8 33. Nxf5 Ke8 34. e7 a6 35. Ng7+ Kf7 36. e8=Q+ Kxg7 37. Re7+ Rxe7
38. Qxe7+ Kh6 39. Qxf6+ Kh5 40. g4# { Black checkmated } 1-0

[Event "ICC tourney 2552 (3 2)"]
[Site "Internet Chess Club"]
[Date "2021.05.07"]
[Round "1"]
[White "SINHA, AANYA:K01-30168307"]
[Black "RAMANUJA, KESHAV:K05-30040275"]
[Result "0-1"]
[ICCResult "White checkmated"]
[WhiteElo "1400"]
[BlackElo "1400"]
[Opening "Philidor: exchange variation"]
[ECO "C43"]
[NIC "RG.01"]
[Time "18:03:00"]
[PlyCount "36"]
[TimeControl "180+2"]

1. e4 e5 2. Nf3 Nf6 3. d4 exd4 4. Nxd4 d6 5. Nc3 Nbd7 6. f3 Ne5 7. Bb5+ Bd7
8. Bf1 Qe7 9. Bf4 Be6 10. Bxe5 dxe5 11. Nde2 Rd8 12. Qd2 Rxd2 13. Kxd2 Qd6+
14. Kc1 g6 15. Nb5 Qd7 16. Nec3 Bh6+ 17. Kb1 Qd2 18. g3 Qc1# { White
checkmated } 0-1

[Event "ICC tourney 2552 (3 2)"]
[Site "Internet Chess Club"]
[Date "2021.05.07"]
[Round "1"]
[White "J KUMBHARE, SHLOK:K01-30055831"]
[Black "DUNIKOV, GLIB:K05-16572317"]
[Result "0-1"]
[ICCResult "White checkmated"]
[WhiteElo "1400"]
[BlackElo "1400"]
[Opening "QP counter-gambit (elephant gambit)"]
[ECO "C40"]
[NIC "KP.10"]
[Time "18:02:33"]
[PlyCount "60"]
[TimeControl "180+2"]

1. e4 e5 2. Nf3 d5 3. exd5 e4 4. Qe2 Nf6 5. Nc3 Be7 6. Nd4 O-O 7. Nxe4 Re8
8. d3 Nxd5 9. c4 Nf6 10. Bf4 Qxd4 11. Nxf6+ Qxf6 12. Be3 Bb4+ 13. Kd1 Bd7
14. g3 Nc6 15. Bg2 Nd4 16. Qh5 g6 17. Qh4 Qxh4 18. gxh4 Nf5 19. Bxb7 Rab8
20. Bf3 Nxe3+ 21. fxe3 Rxe3 22. Be2 Rbe8 23. Re1 Bxe1 24. Kxe1 Rxe2+ 25.
Kf1 Rxb2 26. h3 Bxh3+ 27. Kg1 Ree2 28. Rc1 Rg2+ 29. Kf1 Rgc2+ 30. Kg1 Rxc1#
{ White checkmated } 0-1

[Event "ICC tourney 2552 (3 2)"]
[Site "Internet Chess Club"]
[Date "2021.05.07"]
[Round "1"]
[White "MOHAN, KRISH:K05-30146020"]
[Black "EUGENE DUNIKOV, DAVID:K03-16736200"]
[Result "0-1"]
[ICCResult "White checkmated"]
[WhiteElo "1400"]
[BlackElo "1400"]
[Opening "Dutch with c4 & Nc3"]
[ECO "A85"]
[NIC "HD.05"]
[Time "18:02:36"]
[PlyCount "66"]
[TimeControl "180+2"]

1. d4 f5 2. c4 Nf6 3. Nc3 g6 4. Bg5 Bg7 5. Qd2 O-O 6. O-O-O d6 7. Nf3 Qe8
8. Bh6 Nbd7 9. Bxg7 Kxg7 10. h3 c5 11. d5 Ne4 12. Nxe4 fxe4 13. Ng5 Rxf2
14. Ne6+ Kg8 15. Nc7 Qd8 16. Nxa8 b6 17. Qe3 Rf8 18. g4 Ba6 19. b3 Qxa8 20.
h4 Nf6 21. h5 Nxg4 22. Qg3 Nf2 23. Rh2 Nxd1 24. Kxd1 Rxf1+ 25. Kd2 Qf8 26.
hxg6 hxg6 27. Qxg6+ Qg7 28. Qe8+ Rf8 29. Qh5 Qd4+ 30. Ke1 Qa1+ 31. Kd2 e3+
32. Kc2 Qxa2+ 33. Kc3 Qd2# { White checkmated } 0-1

[Event "ICC tourney 2552 (3 2)"]
[Site "Internet Chess Club"]
[Date "2021.05.07"]
[Round "1"]
[White "VIDYUTH SUKUMAR, ADITI:K03-17257586"]
[Black "LEE, JASMINE:K06-17014123"]
[Result "0-1"]
[ICCResult "White checkmated"]
[WhiteElo "1400"]
[BlackElo "1400"]
[Opening "Queen's pawn: Chigorin variation"]
[ECO "D00"]
[NIC "QP.08"]
[Time "18:04:00"]
[PlyCount "58"]
[TimeControl "180+2"]

1. d4 d5 2. Nc3 Nc6 3. Nf3 Nf6 4. Bg5 Bf5 5. Bxf6 exf6 6. Nh4 Bg6 7. Nxg6
fxg6 8. e4 dxe4 9. Nxe4 Be7 10. Bb5 O-O 11. Bc4+ Kh8 12. O-O h6 13. Qd3 Re8
14. h4 Nb4 15. Qb3 Nc6 16. Qxb7 Nxd4 17. Rad1 Rb8 18. Qxa7 c5 19. Nxc5 Ra8
20. Qb7 Bxc5 21. c3 Rb8 22. Qa7 Bxa7 23. cxd4 Rc8 24. Ba6 Rc6 25. Bb5 Qc7
26. Bxc6 Qxc6 27. d5 Qd6 28. a4 Bb8 29. a5 Qh2# { White checkmated } 0-1

[Event "ICC tourney 2552 (3 2)"]
[Site "Internet Chess Club"]
[Date "2021.05.07"]
[Round "1"]
[White "PIERRE LOUIS, ELANA:K05-17258051"]
[Black "PARHAR, VIVAAN:K05-16000954"]
[Result "0-1"]
[ICCResult "White forfeits on time"]
[WhiteElo "1466"]
[BlackElo "1400"]
[Opening "French defense"]
[ECO "C00"]
[NIC "FR.01"]
[Time "18:03:00"]
[PlyCount "62"]
[TimeControl "180+2"]

1. e4 e6 2. Be2 d5 3. d3 dxe4 4. dxe4 Qxd1+ 5. Kxd1 Bc5 6. Bb5+ Bd7 7. Bf1
Nf6 8. f3 Nc6 9. Nc3 O-O 10. Nge2 a6 11. Nf4 Bd6 12. Nd3 Ne5 13. Ne2 Nxd3
14. cxd3 Ba4+ 15. b3 Bb5 16. Nc3 Bc6 17. Be3 Be5 18. Rc1 Rad8 19. Ne2 Rxd3+
20. Kc2 Rxe3 21. Ng3 Rc3+ 22. Kd1 Rd8+ 23. Bd3 Rdxd3+ 24. Ke2 Re3+ 25. Kd2
Rcd3+ 26. Kc2 Rc3+ 27. Kd1 Rcd3+ 28. Kc2 Rc3+ 29. Kb2 Rxc1+ 30. Kxc1 Bf4
31. Nf1 Re2+ { White forfeits on time } 0-1

[Event "ICC tourney 2552 (3 2)"]
[Site "Internet Chess Club"]
[Date "2021.05.07"]
[Round "1"]
[White "KAGGUNDI RAVISHA, MANASWINI:K05-30132763"]
[Black "ZHANG, ETHAN:K03-16683342"]
[Result "0-1"]
[ICCResult "White checkmated"]
[WhiteElo "1400"]
[BlackElo "1400"]
[Opening "Giuoco Piano"]
[ECO "C54"]
[NIC "IG.02"]
[Time "18:02:50"]
[PlyCount "76"]
[TimeControl "180+2"]

1. e4 e5 2. Nf3 Nc6 3. Bc4 Bc5 4. c3 Nf6 5. d3 d6 6. h3 h6 7. Nbd2 Be6 8.
Bb3 O-O 9. O-O Re8 10. Re1 d5 11. exd5 Bxd5 12. Nxe5 Bxb3 13. Nxc6 Bxd1 14.
Nxd8 Rxe1+ 15. Kh2 Rxd8 16. d4 Bb6 17. Nf3 Bxf3 18. gxf3 Re2 19. Be3 Nd5
20. Bxh6 gxh6 21. Rg1+ Kh7 22. c4 Nf6 23. Rg2 Bxd4 24. b3 Rxa2 25. f4 Rxf2
26. Rxf2 Bxf2 27. Kg2 Rd2 28. Kf3 Rb2 29. f5 Bc5 30. b4 Rxb4 31. Ke2 a5 32.
Kd3 a4 33. Kc3 a3 34. h4 a2 35. h5 a1=Q+ 36. Kc2 Qa3 37. Kd1 Rb2 38. Kc1
Qa1# { White checkmated } 0-1

[Event "ICC tourney 2552 (3 2)"]
[Site "Internet Chess Club"]
[Date "2021.05.07"]
[Round "1"]
[White "QIANYUAN FAN, EVAN:K03-16863365"]
[Black "PRABU, VEDANTH:K06-15651522"]
[Result "1-0"]
[ICCResult "Black checkmated"]
[WhiteElo "1400"]
[BlackElo "1400"]
[Opening "French: advance, Paulsen attack"]
[ECO "C02"]
[NIC "FR.03"]
[Time "18:04:00"]
[PlyCount "47"]
[TimeControl "180+2"]

1. e4 e6 2. d4 d5 3. e5 c5 4. c3 Nc6 5. Nf3 Qb6 6. a3 Nh6 7. b4 Nf5 8. dxc5
Qc7 9. Bb5 Bd7 10. Bxc6 Bxc6 11. O-O Be7 12. Nbd2 O-O-O 13. Nb3 Ba4 14. Re1
h5 15. Nfd2 Bxb3 16. Qxb3 g5 17. a4 g4 18. a5 h4 19. a6 b6 20. cxb6 Qxb6
21. c4 g3 22. c5 Bxc5 23. bxc5 Qxc5 24. Qb7# { Black checkmated } 1-0

[Event "ICC tourney 2552 (3 2)"]
[Site "Internet Chess Club"]
[Date "2021.05.07"]
[Round "1"]
[White "DOPPALAPUDI, ADITH:K05-16534365"]
[Black "OSCAR LI, JINGTU:K05-16113408"]
[Result "0-1"]
[ICCResult "White resigns"]
[WhiteElo "1457"]
[BlackElo "1400"]
[Opening "Sicilian: accelerated fianchetto, modern variation"]
[ECO "B34"]
[NIC "SI.33"]
[Time "18:03:00"]
[PlyCount "52"]
[TimeControl "180+2"]

1. e4 c5 2. Nf3 Nc6 3. d4 cxd4 4. Nxd4 g6 5. Nc3 Bg7 6. Be3 Nf6 7. f3 Qb6
8. Nf5 Qxb2 9. Nxg7+ Kf8 10. Bd4 Nxd4 11. Nd5 Nxc2+ 12. Kf2 Nxa1+ 13. Kg3
Nxd5 14. Qxd5 Kxg7 15. Bc4 Rf8 16. Rd1 d6 17. Qg5 Qe5+ 18. Qxe5+ dxe5 19.
Rxa1 Be6 20. Be2 Rfd8 21. Bd1 Rd2 22. Ba4 Rxa2 23. Rxa2 Bxa2 24. Bd7 Rd8
25. Bb5 a6 26. Bc4 Bxc4 { White resigns } 0-1